 Dungeon Crawl Stone Soup version 0.19-a0-1019-g9c6a58d (webtiles) character file.

696632 FitzyFitz the Slayer (level 27, -5/253 HPs)
             Began as a Formicid Abyssal Knight on July 20, 2016.
             Was a High Priest of Lugonu.
             Slain by a reaper
             ... wielding a +8 scythe of freezing
              (66 damage)
             ... in Pandemonium on July 25, 2016.
             The game lasted 06:40:03 (87716 turns).

FitzyFitz the Slayer (Formicid Abyssal Knight)     Turns: 87716, Time: 06:40:04

Health: -5/253     AC: 32    Str: 36    XL:     27
Magic:  17/51      EV: 26    Int: 19    God:    Lugonu [*****.]
Gold:   5301       SH: 24    Dex: 16    Spells: 10 memorised, 5 levels left

rFire  + + .     SeeInvis +     d - +6 Majin-Bo {vamp, Archmagi MP+6 Int+6}
rCold  + . .     Gourm    .     D - +7 swamp dragon armour
rNeg   + . .     Faith    .     X - +0 large shield {AC+3}
rPois  +         Spirit   .     (helmet unavailable)
rElec  .         Dismiss  .     h - +2 cloak {rF+}
rCorr  .         Reflect  .     y - +1 pair of gloves of the Dice {rC+ Dex+5}
SustAt .         Harm     .     R - +0 pair of boots
MR     +++..                    W - amulet of Vitality {Regen+ HP+15}
Stlth  +++++.....               r - ring "Tithuth" {rF+ rN+ MR+ EV+4}
                                O - ring of the Shining Light {Wiz *Drain MP+9 Str+8 Slay+5}

@: drained, extremely resistant to hostile enchantments, quite stealthy
A: permanent stasis, dig shafts and tunnels, four strong arms, antennae 3
a: Dig, Shaft Self, Depart the Abyss, Bend Space, Banish, Corrupt, Enter the
Abyss, Renounce Religion
}: 4/15 runes: barnacled, silver, abyssal, gossamer


You were in Pandemonium.
You worshipped Lugonu.
Lugonu was extremely pleased with you.
You were very hungry.

You visited 12 branches of the dungeon, and saw 53 of its levels.
You visited Pandemonium 1 time, and saw 4 of its levels.
You visited the Abyss 7 times.
You also visited: Volcano.

You collected 8359 gold pieces.
You spent 3058 gold pieces at shops.

Inventory:

Hand Weapons
 a - a +9 antimagic lajatang
 b - a +4 greatsling of flaming
 c - a +3 lajatang of flaming
 d - the +6 Majin-Bo (weapon) {vamp, Archmagi MP+6 Int+6}
   (You found it on level 3 of the Crypt)

   It inflicts no extra harm, but heals its wielder somewhat when it strikes a
   living foe.
   It affects your intelligence (+6).
   It affects your magic capacity (+6).
 N - a +0 vampiric lajatang
Missiles
 k - 3 throwing nets (quivered)
 L - 532 sling bullets
Armour
 h - a +2 cloak of fire resistance (worn)
 v - a +1 large shield of positive energy
 y - the +1 pair of gloves of the Dice (worn) {rC+ Dex+5}
   (You found it on level 5 of the Vaults)

   It affects your dexterity (+5).
   It protects you from cold.
 A - the +3 large shield "Dioth" {rCorr}
   (You took it off a daeva in Pandemonium)

   It protects you from acid and corrosion.
 D - a +7 swamp dragon armour (worn)
 R - a +0 pair of boots (worn)
 X - a +0 large shield of protection (worn)
Rods
 n - a -2 iron rod (10/10)
   (You found it on level 1 of the Lair of Beasts)
 s - a +5 rod of ignition (13/13)
   (You bought it in a shop on level 4 of the Depths)
Jewellery
 e - the ring "Ripeuscho" {rF+ rC+ MP+9}
   (You acquired it on level 4 of the Lair of Beasts)

   [ring of magical power]

   It protects you from fire.
   It protects you from cold.
   It affects your magic capacity (+9).
 r - the ring "Tithuth" (right hand) {rF+ rN+ MR+ EV+4}
   (You found it on level 2 of the Shoals)

   [ring of evasion]

   It affects your evasion (+4).
   It protects you from fire.
   It protects you from negative energy.
   It affects your resistance to hostile enchantments.
 O - the ring of the Shining Light (left hand) {Wiz *Drain MP+9 Str+8 Slay+5}
   (You found it on level 3 of the Crypt)

   [ring of wizardry]

   It improves your spell success rate.
   It affects your strength (+8).
   It affects your accuracy and damage with ranged weapons and melee attacks
   (+5).
   It affects your magic capacity (+9).
   It causes draining when unequipped.
 S - the amulet of Qegh {Gourm rElec MP+9 Int-5 Stlth+}
   (You took it off a deep elf archer on level 3 of the Elven Halls)

   [amulet of the gourmand]

   It allows you to eat raw meat even when not hungry.
   It affects your intelligence (-5).
   It insulates you from electricity.
   It affects your magic capacity (+9).
   It makes you more stealthy.
 W - the amulet of Vitality (around neck) {Regen+ HP+15}
   (You found it on level 5 of the Vaults)

   [amulet of regeneration]

   It affects your health (+15).
   It increases your rate of regeneration.
Wands
 P - a wand of iceblast (4/15)
Scrolls
 o - 4 scrolls of identify
 p - 3 scrolls of silence
 q - 14 scrolls of magic mapping
 t - 12 scrolls of recharging
 x - 6 scrolls of fear
 z - 32 scrolls of remove curse
 F - 3 scrolls of summoning
 V - 12 scrolls of fog
Potions
 f - 3 potions of cure mutation
 g - 3 potions of ambrosia
 j - a potion of agility
 m - 5 potions of magic
 u - 4 potions of cancellation
 w - a potion of might
 B - 4 potions of heal wounds
 E - 14 potions of curing
 I - 4 potions of resistance
 K - 7 potions of flight
Miscellaneous
 i - a lamp of fire
 C - a phantom mirror
 H - a fan of gales (inert)
 J - 3 sacks of spiders
 M - a box of beasts
 Q - a phial of floods
Comestibles
 l - 39 fruits
 G - 23 bread rations
 T - 2 chunks of flesh


   Skills:
 - Level 24.0(23.3) Fighting
   Level 12.1(16.1) Maces & Flails
 - Level 18.7(19.2) Staves
 - Level 7.0(6.5) Slings
 - Level 20.4(19.9) Armour
 - Level 14.8(14.3) Dodging
 - Level 15.1(14.6) Stealth
 - Level 16.7(16.1) Shields
 - Level 9.4(8.9) Spellcasting
 + Level 11.6(11.2) Charms
 - Level 1.0(0.6) Necromancy
 - Level 11.4(10.9) Transmutations
 + Level 6.8(6.4) Air Magic
 + Level 13.9(13.4) Earth Magic
 - Level 3.0(2.6) Poison Magic
 - Level 15.7(15.2) Invocations
 - Level 14.0(13.5) Evocations


You had 5 spell levels left.
You knew the following spells:

 Your Spells              Type           Power        Failure   Level  Hunger
a - Swiftness             Chrm/Air       ######..     1%          2    None
b - Mephitic Cloud        Conj/Pois/Air  ####....     4%          3    None
c - Repel Missiles        Chrm/Air       ######       1%          2    None
d - Regeneration          Chrm/Necr      #####.....   1%          3    None
e - Passwall              Tmut/Erth      ######....   1%          2    None
f - Statue Form           Tmut/Erth      ######...    4%          6    ######.
g - Apportation           Tloc           ##........   4%          1    None
h - Shatter               Erth           ######....   100%        9    #######
i - Deflect Missiles      Chrm/Air       ######....   16%         6    ######.
j - Silence               Hex/Air        ####......   50%         5    #####..


Dungeon Overview and Level Annotations

Branches:
Dungeon (15/15)            Temple (1/1) D:4            Lair (6/6) D:11
 Shoals (4/4) Lair:4       Spider (4/4) Lair:4        Slime (0/5) Lair:5
    Orc (2/2) D:12            Elf (3/3) Orc:2        Vaults (5/5) D:14
  Crypt (3/3) Vaults:2       Tomb (0/3) Crypt:3      Depths (5/5) D:15
   Hell (1/1)                 Dis (0/7) Hell            Geh (0/7) Hell
    Coc (0/7) Hell            Tar (0/7) Hell            Zot (4/5) Depths:5

Altars:
Dithmenos
Elyvilon
Fedhas
Gozag
Hepliaklqana
Kikubaaqudgha
Makhleb
Nemelex Xobeh
Okawaru
Pakellas
Ru
Sif Muna
Uskayaw
Vehumet
Xom
Yredelemnul
The Shining One
Jiyva

Shops:
D:5 (   D:9 *   Orc:2 [(*!   Elf:1 (   Elf:3 (   Shoals:3 %   Vaults:1 (
Depths:1 }   Depths:4 (}

Portals:
Hell: Depths:1 Depths:2 Depths:3 Depths:4 Depths:5
Abyss: Depths:2 Depths:4
Pandemonium: Depths:3
Ziggurat: Depths:5

Annotations:
D:3 ElderVIII's ghost, amateur DrSu
D:5 asdqwezxcasdasd's ghost, novice DECj
Elf:2 3 runed doors
Vaults:5 corrupted
Zot:2 corrupted


Innate Abilities, Weirdness & Mutations

You are under a permanent stasis effect.
You can dig through walls and to a lower floor.
Your four strong arms can wield two-handed weapons with a shield.
You have a pair of large antennae on your head. (SInv)


Message History

The ufetubus barely misses your redback.
The ufetubus misses your redback.
Something closely misses your redback. x2
The monstrous chaos champion calls on the powers of chaos!
The ynoxinul seems to speed up.
The ufetubus shouts!
The ufetubus seems to speed up.
The reaper seems to grow stronger.
The ufetubus suddenly seems more resistant.
The ufetubus misses your redback. The ufetubus hits your redback.
Your redback bites the orange demon.
Your redback misses the torturous demonspawn.
Your redback barely misses the ufetubus.
The ufetubus barely misses your redback.
The ufetubus hits your redback.
You block the torturous demonspawn's attack.
Your tarantella barely misses the torturous demonspawn.
Your redback barely misses the ufetubus.
The ufetubus hits your redback.
The ufetubus closely misses your redback.
The reaper hits you from afar with a scythe of freezing!!!
You die...

##........##
.. ##6.......#
...
##...ยง...##..
##..3.5..'{
##...5.{##
##.5.{..#
##5s{.{#
###25####
#^.4s@H.#
#.5s.)6.#
#.(..s.s#
#.......'.$
#6......#....
#.......#...#
#.......# ###
####+####


You could see an infernal warmonger, a reaper, a monstrous chaos champion, an
orange demon, a torturous demonspawn, a ynoxinul, 6 ufetubi, a friendly elder
shockox beast, a friendly tarantella and 4 friendly redbacks.

Vanquished Creatures
  2 ancient liches
  An orb of fire (Zot:1)
  Mennas (Depths:5)
  A juggernaut (Depths:5)
  Sojobo (Depths:5)
  A pandemonium lord (Pan)
  Saint Roka (Depths:4)
  Xtahua (Vaults:4)
  2 curse toes
  12 golden dragons
  Geryon (Hell)
  A profane servitor (Abyss:1)
  5 bone dragons
  A Brimstone Fiend (Pan)
  6 liches
  11 tentacled monstrosities
  2 hellephants (Hell)
  An Ice Fiend (Pan)
  A titan (Vaults:5)
  11 death cobs
  4 Executioners
  Murray (Depths:5)
  An eldritch tentacle (Abyss:3)
  A kraken (Shoals:3)
  11 tentacled starspawn
  2 quicksilver dragons
  Polyphemus (Shoals:2)
  4 sphinxes
  7 tengu reavers
  6 shadow dragons
  Donald (Elf:1)
  Roxanne (D:15)
  4 ancient champions
  3 daevas
  14 storm dragons
  2 draconian monks (Zot:2)
  3 draconian knights
  10 fire giants
  Ilsuiw (Shoals:4)
  8 emperor scorpions
  4 iron dragons
  3 draconian scorchers
  15 deep elf sorcerers
  15 vault wardens
  A blood saint (Pan)
  10 frost giants
  3 balrugs
  2 draconian shifters
  5 ghost moths
  Aizul (Shoals:3)
  A chaos champion (Pan)
  4 curse skulls
  14 reapers
  3 draconian zealots
  2 warmongers (Pan)
  15 ironheart preservers
  6 ghouls
  4 spriggan defenders
  The ghost of Sharkman1231 the Severer, a journeyman DsBe of Trog (D:15)
  22 stone giants
  4 deep elf elementalists
  2 draconian annihilators
  5 entropy weavers
  28 very ugly things
  3 war gargoyles
  4 vampire knights
  8 deep elf demonologists
  A dire elephant (Lair:4)
  9 green draconians
  10 deep elf annihilators
  9 black draconians
  A spark wasp (shapeshifter) (Depths:5)
  11 spark wasps
  9 white draconians
  6 lorocyprocas
  8 mottled draconians
  7 purple draconians
  The ghost of Implojin the Grappler, a journeyman MiFi of Okawaru (Shoals:4)
  4 red draconians
  2 merfolk javelineers (Shoals:4)
  10 merfolk impalers
  5 yellow draconians
  Snorg (Orc:1)
  The ghost of Quilel the Lord of Darkness, a journeyman DEEn of Kikubaaqudgha (Orc:1)
  4 blizzard demons
  13 ettins
  8 eidola
  A mummy priest (Crypt:3)
  13 jiangshi
  6 great orbs of eyes
  3 green deaths
  13 deep elf death magi
  13 fire dragons
  A quicksilver dragon zombie (Abyss:1)
  13 yaktaur captains
  A quicksilver dragon skeleton (Hell)
  8 rakshasas
  Fannar (Lair:3)
  10 hydras
  16 ice dragons
  The ghost of pisswolf the Carver, a journeyman DsGl of Qazlal (D:8)
  5 deep elf high priests
  14 vault guards
  A hell beast (Pan)
  Harold (Lair:3)
  12 centaur warriors
  7 spriggan air magi
  2 alligator snapping turtles (Shoals:4)
  A catoblepas (shapeshifter) (Vaults:4)
  3 merfolk aquamancers (Shoals:4)
  An anaconda (shapeshifter) (Vaults:5)
  A catoblepas (Shoals:2)
  3 merfolk avatars
  6 death knights
  4 satyrs
  4 tengu warriors
  10 death yaks
  8 death scarabs (Spider:4)
  A queen ant (Spider:4)
  6 deep troll earth magi
  An iron giant zombie (Crypt:2)
  8 hell hogs
  7 deep troll shamans
  12 ogre magi
  A titan zombie (Crypt:3)
  8 thrashing horrors
  9 dancing weapons
  6 vampire magi
  9 spriggan berserkers
  13 soul eaters
  23 deep elf knights
  12 wretched stars
  A titan skeleton (Crypt:3)
  Sonja (Orc:2)
  A storm dragon zombie (Crypt:3)
  23 hell knights
  5 sun demons
  3 iron trolls
  31 deep trolls
  35 skeletal warriors
  A spectral emperor scorpion (Spider:4)
  2 shadow wraiths
  A quicksilver dragon simulacrum (Abyss:2)
  2 anaconda zombies (Crypt:3)
  A giant orange brain (shapeshifter) (Depths:3)
  5 unseen horrors
  3 spatial maelstroms
  5 sea snakes
  9 giant orange brains
  A shadow demon (Abyss:1)
  6 flayed ghosts
  3 putrid demonspawn (Pan)
  2 infernal demonspawn (Pan)
  19 deep elf archers
  9 wizards
  2 torturous demonspawn (Pan)
  6 hill giants
  3 shadow dragon zombies
  3 anaconda skeletons
  2 spectral wolf spiders (Spider:4)
  A tengu zombie (Vaults:2)
  12 ironbrand convokers
  4 wolf spider zombies (Spider:4)
  10 harpies
  16 orc knights
  11 orb spiders
  27 necromancers
  A stone giant zombie (Crypt:3)
  15 phantasmal warriors
  13 griffons
  36 large abominations
  4 harpies (shapeshifter)
  A shadow dragon skeleton (Crypt:3)
  47 wolf spiders
  An orb spider (shapeshifter) (Vaults:4)
  62 deep elf magi
  An iron dragon zombie (Crypt:2)
  Pikel (D:7)
  11 fauns (Shoals:3)
  3 orc sorcerers
  A fire giant zombie (Crypt:3)
  43 ugly things
  A worldbinder (Abyss:4)
  A frost giant skeleton (Crypt:3)
  9 hornets
  A cyclops (shapeshifter) (Elf:3)
  7 manticores
  7 cyclopes
  4 iron dragon skeletons (Crypt:3)
  An octopode (shapeshifter) (Vaults:1)
  21 moths of wrath
  3 sixfirhies
  31 elephants
  5 water nymphs
  2 torpor snails
  2 naga magi (Abyss:4)
  An apocalypse crab (Abyss:1)
  2 stone giant skeletons
  A fire giant skeleton (Abyss:1)
  2 guardian serpents
  5 black mambas
  16 sirens
  12 vault sentinels
  3 centaur zombies
  A guardian serpent (shapeshifter) (D:15)
  2 shock serpent zombies
  14 spiny frogs
  2 orange demons
  12 smoke demons
  2 gargoyles
  4 kobold demonologists (Depths:3)
  3 rime drakes
  3 emperor scorpion zombies
  5 spectral redbacks (Spider:4)
  8 efreet
  4 hellions
  9 komodo dragons
  A yaktaur (shapeshifter) (Depths:1)
  11 freezing wraiths
  A tormentor (Pan)
  An entropy weaver simulacrum (Vaults:1)
  A redback zombie (Spider:4)
  18 demonic crawlers
  15 hellwings
  56 yaktaurs
  4 ice devils (Pan)
  8 ancient zymes
  5 red devils
  40 jumping spiders
  A harpy zombie (D:15)
  2 meliai (shapeshifter)
  A hydra zombie (Hell)
  A death yak skeleton (Crypt:1)
  A death drake zombie (Crypt:1)
  2 harpy skeletons
  2 wind drakes (Shoals:4)
  A moth of wrath zombie (Crypt:1)
  3 spectral tarantellas (Spider:4)
  7 trolls
  A wind drake (shapeshifter) (D:15)
  9 polar bears (Lair:6)
  Grinder (D:5)
  An ettin zombie (Vaults:2)
  A raiju (shapeshifter) (Abyss:4)
  22 two-headed ogres
  16 merfolk
  5 boulder beetles
  30 slime creatures
  6 spectral jumping spiders (Spider:4)
  31 raiju
  2 alligator zombies
  A fire giant simulacrum (Crypt:2)
  2 hydra skeletons
  16 small abominations
  19 blink frogs
  A sphinx simulacrum (Vaults:2)
  A bog body (Crypt:2)
  2 fire dragon zombies
  11 snapping turtles
  4 jumping spider zombies
  A black mamba zombie (Abyss:2)
  2 tarantella zombies (Spider:4)
  3 shadows
  70 redbacks
  2 ettin skeletons
  7 flying skulls
  5 spriggans
  18 ynoxinuls
  48 tarantellas
  47 yaks
  A spriggan (shapeshifter) (Depths:1)
  A fire dragon skeleton (Crypt:3)
  56 starcursed masses
  A vampire (D:14)
  6 air elementals
  2 ice dragon skeletons
  23 water elementals
  27 wraiths
  3 golden eyes (shapeshifter)
  An alligator skeleton (Hell)
  11 wyverns
  2 fire bats (D:8)
  6 hungry ghosts
  13 fire elementals
  A hippogriff (shapeshifter) (Depths:1)
  2 basilisks
  An elf skeleton (Depths:3)
  3 neqoxecs
  7 chaos spawn
  9 hippogriffs
  2 emperor scorpion simulacra
  A steam dragon (D:10)
  2 mottled dragons
  10 wargs
  An insubstantial wisp (Abyss:1)
  A putrid demonspawn zombie (Crypt:2)
  A human simulacrum (Vaults:3)
  A mottled dragon (shapeshifter) (Elf:1)
  A naga (Abyss:4)
  6 spatial vortices
  A merfolk zombie (Abyss:2)
  17 water moccasins
  2 giant eyeballs
  A putrid demonspawn skeleton (Crypt:2)
  A gelid demonspawn skeleton (Crypt:2)
  A hydra simulacrum (Hell)
  27 soldier ants
  13 hell hounds
  A slave (D:7)
  9 porcupines
  Purgy (D:3)
  53 orc warriors
  A giant eyeball (shapeshifter) (Vaults:4)
  2 ice beasts
  A phantom (D:13)
  4 sky beasts
  4 spiny frog skeletons
  2 eyes of draining (shapeshifter)
  9 necrophages
  13 black bears (Lair:6)
  2 ettin simulacra
  3 eyes of draining
  46 ogres
  11 wasps
  2 elf zombies
  A swamp dragon zombie (Hell)
  A wolf (shapeshifter) (Depths:3)
  An orc skeleton (Vaults:1)
  An anubis guard skeleton (Crypt:1)
  39 centaurs
  A lindwurm skeleton (Crypt:2)
  A centaur (shapeshifter) (Vaults:5)
  22 wolves
  13 boggarts
  14 crocodiles
  Blork the orc (D:5)
  4 big kobolds (D:12)
  4 gnoll sergeants (D:12)
  A giant frog (shapeshifter) (Vaults:2)
  13 giant frogs
  A komodo dragon skeleton (Crypt:2)
  3 earth elementals
  3 wyvern skeletons (Crypt:3)
  5 scorpions
  A hell hound skeleton (Crypt:1)
  A spriggan zombie (Crypt:3)
  22 killer bees
  3 howler monkeys
  A troll skeleton (D:7)
  7 wights
  13 crimson imps
  2 giant frog zombies (D:7)
  A hound (shapeshifter) (Vaults:5)
  3 quasits
  3 human zombies
  4 jellies
  19 orc priests
  25 orc wizards
  18 hounds
  2 giant frog skeletons
  13 iguanas
  3 iron imps (Abyss:1)
  6 centaur skeletons
  A demonspawn skeleton (Crypt:2)
  A gnoll shaman (D:8)
  3 human skeletons
  26 worker ants
  11 hell rats (Hell)
  21 sheep
  A hound zombie (D:10)
  6 mummies
  3 hound skeletons
  A hell rat skeleton (Crypt:1)
  12 gnolls
  A worker ant zombie (D:6)
  14 adders
  38 river rats
  A steam dragon skeleton (Crypt:1)
  A shadow imp (D:6)
  4 white imps
  5 ufetubi
  An adder zombie (D:5)
  3 adder skeletons
  3 worms
  A dart slug (D:2)
  5 giant geckos
  97 orcs
  2 ball pythons
  16 bats
  8 giant cockroaches
  7 goblins
  10 hobgoblins
  4 jackals (D:3)
  11 quokkas
  6 giant newts
  14 kobolds
  A quokka zombie (D:7)
  8 rats
  2 plants (Shoals:3)
  4 starspawn tentacles (Abyss:1)
  4 tentacles (Shoals:3)
  4 withered plants (Crypt:3)
3097 creatures vanquished.

Vanquished Creatures (collateral kills)
  Margery (Depths:2)
  A draconian caller (Zot:3)
  A dire elephant (Lair:4)
  A deep elf death mage (Vaults:3)
  A rakshasa (Depths:1)
  An alligator snapping turtle (Shoals:3)
  A hell hog (Hell)
  2 hell knights (Depths:2)
  A necromancer (Depths:2)
  A faun (Shoals:3)
  A raiju (Abyss:1)
  A ynoxinul (Abyss:1)
13 creatures vanquished.

Vanquished Creatures (others)
  A titan (Vaults:5)
  A sphinx (Vaults:5)
  2 tengu reavers (Vaults:5)
  A draconian monk (Zot:2)
  A draconian knight (Zot:2)
  A vault warden (Vaults:3)
  A draconian scorcher (Depths:5)
  A draconian caller (Zot:2)
  3 entropy weavers
  An ironheart preserver (Vaults:3)
  A deep elf demonologist (Vaults:5)
  A black draconian (Zot:2)
  A white draconian (Zot:2)
  2 purple draconians (Zot:2)
  A deep elf death mage (Vaults:5)
  A deep elf high priest (Elf:3)
  A merfolk javelineer (Shoals:4)
  A quicksilver dragon zombie (Hell)
  15 vault guards (Vaults:5)
  2 hell hogs (Hell)
  An iron troll (Vaults:5)
  A deep troll (Vaults:1)
  A wizard (Depths:2)
  3 deep elf magi
  A moth of wrath (Zot:2)
  A siren (Shoals:4)
  A vault sentinel (Vaults:1)
  A queen bee (D:9)
  A slime creature (Depths:1)
  A snapping turtle (Shoals:4)
  A chaos spawn (Abyss:4)
  A neqoxec (Pan)
  4 humans (Depths:3)
  4 ogres
  A centaur (D:7)
  A small abomination (Abyss:2)
  3 hell rats (Hell)
  A human simulacrum (Abyss:2)
  A hound skeleton (D:7)
  A howler monkey skeleton (D:7)
  An orc (Vaults:5)
  A crawling corpse (Vaults:5)
  29 eldritch tentacle segments (Abyss:3)
  A fulminant prism (D:5)
  10 fungi
  23 plants
  28 starspawn tentacles
  192 starspawn tentacle segments
  7 tentacles (Shoals:3)
  562 tentacle segments (Shoals:3)
  13 withered plants (Crypt:3)
936 creatures vanquished.

Grand Total: 4046 creatures vanquished

Notes
Turn   | Place    | Note
-------+----------+-------------------------------------------
     0 | Abyss:1  | FitzyFitz the Formicid Abyssal Knight began the quest for the Orb.
     0 | Abyss:1  | Reached XP level 1. HP: 18/18 MP: 2/2
    62 | Abyss:1  | Found a corrupted altar of Lugonu.
    92 | D:1      | Escaped the Abyss
   242 | D:1      | Reached XP level 2. HP: 23/24 MP: 3/3
   534 | D:1      | Reached ** piety under Lugonu
   537 | D:1      | Reached XP level 3. HP: 14/29 MP: 4/4
  1092 | D:2      | Found a faded altar of an unknown god.
  1574 | D:2      | Reached XP level 4. HP: 35/35 MP: 5/5
  1955 | D:2      | Learned a level 1 spell: Sting
  2278 | D:3      | Noticed Purgy
  2290 | D:3      | Gained mutation: Your spells are a little harder to cast, but a little more powerful. [potion of beneficial mutation]
  2295 | D:3      | Reached XP level 5. HP: 27/41 MP: 3/6
  2300 | D:3      | Killed Purgy
  2300 | D:3      | Reached skill level 5 in Maces & Flails
  2300 | D:3      | Reached XP level 6. HP: 29/47 MP: 3/7
  2521 | D:3      | Reached *** piety under Lugonu
  2685 | D:3      | Noticed ElderVIII's ghost (amateur DrSu)
  2881 | D:4      | Found a white marble altar of Elyvilon.
  2906 | D:4      | Found a staircase to the Ecumenical Temple.
  2915 | Temple   | Entered the Ecumenical Temple
  3204 | D:4      | Found a glowing golden altar of the Shining One.
  4503 | D:5      | Entered Level 5 of the Dungeon
  4709 | D:5      | Noticed Grinder
  4759 | D:5      | Reached XP level 7. HP: 21/52 MP: 9/9
  5251 | D:5      | Noticed asdqwezxcasdasd's ghost (novice DECj)
  5686 | D:5      | Found Suoxieku's Antique Weapon Shoppe.
  5828 | D:5      | Noticed Blork the orc
  6035 | D:6      | Reached skill level 1 in Poison Magic
  6254 | D:6      | Reached XP level 8. HP: 48/58 MP: 5/10
  6388 | D:6      | Reached **** piety under Lugonu
  6541 | D:6      | Reached skill level 5 in Armour
  6552 | D:6      | Learned a level 3 spell: Mephitic Cloud
  6885 | D:6      | Got a warped robe
  6929 | D:5      | Identified the +0 robe "Xaulu" {*Contam rPois Int+2} (You found it on level 6 of the Dungeon)
  6942 | D:5      | Reached skill level 10 in Fighting
  6942 | D:5      | Reached XP level 9. HP: 77/77 MP: 11/11
  7279 | D:6      | Found an opulent altar of Gozag.
  7635 | D:7      | Found a hide-covered altar of Uskayaw.
  7636 | D:7      | Noticed a hand axe
  7636 | D:7      | Noticed a hand axe
  7839 | D:7      | Found a sacrificial altar of Ru.
  7922 | D:7      | Noticed Pikel
  7942 | D:7      | Killed Pikel
  7942 | D:7      | Reached skill level 1 in Stealth
  7942 | D:7      | Reached XP level 10. HP: 41/85 MP: 12/12
  8480 | D:7      | Found a basalt altar of Yredelemnul.
  8521 | D:7      | Reached ***** piety under Lugonu
  8871 | D:8      | Found a shimmering altar of Xom.
  8962 | D:8      | Found a sparkling altar of Nemelex Xobeh.
  9023 | D:8      | Found a burning altar of Makhleb.
  9031 | D:8      | Got a bloodstained whip
  9034 | D:8      | Identified the +6 whip of Iloew {freeze, -Tele rPois Str+5} (You found it on level 8 of the Dungeon)
  9067 | D:8      | Reached skill level 11 in Fighting
  9141 | D:8      | Noticed pisswolf's ghost (journeyman DsGl)
  9257 | D:5      | Killed Grinder
  9344 | D:5      | Killed Blork the orc
  9621 | D:8      | Found a deep blue altar of Sif Muna.
  9638 | D:8      | Found a runed door.
  9661 | D:8      | Found a blossoming altar of Fedhas.
  9682 | D:8      | Reached skill level 5 in Invocations
  9713 | D:8      | Found an iron altar of Okawaru.
  9757 | D:8      | Found an oddly glowing altar of Pakellas.
  9790 | D:8      | Found a radiant altar of Vehumet.
  9908 | D:8      | Found a blossoming altar of Fedhas.
  9920 | D:8      | Noticed a flayed ghost
  9921 | D:8      | Banished a flayed ghost
  9921 | D:8      | Reached XP level 11. HP: 92/92 MP: 13/15
 10282 | D:8      | Killed pisswolf's ghost
 10282 | D:8      | Reached skill level 5 in Stealth
 11193 | D:9      | Found Cufromp's General Store.
 11537 | D:9      | Reached skill level 1 in Dodging
 11579 | D:8      | Learned a level 2 spell: Repel Missiles
 11737 | D:9      | Got a distressingly furry chain mail
 11739 | D:9      | Identified the cursed +0 chain mail "Quibiunout" {rElec rC- Int+3 Dex+6} (You found it on level 9 of the Dungeon)
 11825 | D:9      | Found a hazy altar of Hepliaklqana.
 12098 | D:10     | Entered Level 10 of the Dungeon
 12328 | D:10     | Noticed a hill giant
 12338 | D:10     | Killed a hill giant
 12356 | D:10     | Reached skill level 12 in Fighting
 12384 | D:10     | Found an oddly glowing altar of Pakellas.
 12397 | D:10     | Learned a level 3 spell: Regeneration
 12709 | D:10     | Got an amber-studded leather armour
 13064 | D:11     | Noticed a hill giant
 13072 | D:11     | Killed a hill giant
 13160 | D:11     | Got a warped war axe
 13209 | D:11     | Found a staircase to the Lair.
 13223 | D:11     | Reached XP level 12. HP: 95/102 MP: 5/17
 13323 | D:11     | Reached skill level 1 in Staves
 13387 | D:11     | Noticed a seven-headed hydra
 13396 | D:11     | Killed a seven-headed hydra
 13534 | D:11     | Noticed a four-headed hydra
 13547 | D:11     | Killed a four-headed hydra
 13924 | Lair:1   | Entered Level 1 of the Lair of Beasts
 14003 | Lair:1   | Identified the cursed +1 leather armour of the Spheres {+Inv MR+} (You found it on level 10 of the Dungeon)
 14904 | Lair:2   | Reached skill level 1 in Evocations
 15914 | Lair:3   | Noticed Harold
 15932 | Lair:3   | Killed Harold
 15932 | Lair:3   | Reached XP level 13. HP: 55/108 MP: 3/19
 15948 | Lair:3   | Reached skill level 10 in Stealth
 16101 | Lair:3   | Reached skill level 5 in Staves
 16333 | Lair:3   | Reached skill level 5 in Evocations
 16399 | Lair:3   | Noticed Fannar
 16422 | Lair:3   | Killed Fannar
 16899 | Lair:4   | Found a staircase to the Shoals.
 17056 | Lair:4   | Found a hole to the Spider Nest.
 17362 | Lair:4   | Noticed an eight-headed hydra
 17367 | Lair:4   | Killed an eight-headed hydra
 17367 | Lair:4   | Reached skill level 1 in Charms
 17367 | Lair:4   | Reached skill level 1 in Air Magic
 17460 | Lair:4   | Reached ****** piety under Lugonu
 17460 | Lair:4   | Reached skill level 1 in Necromancy
 17516 | Lair:4   | Noticed a dire elephant
 17517 | Lair:4   | Noticed a dire elephant
 17580 | Lair:3   | Noticed a four-headed hydra
 17666 | Lair:3   | Killed a four-headed hydra
 17825 | Lair:4   | Killed a dire elephant
 18049 | Lair:4   | Reached XP level 14. HP: 99/115 MP: 6/20
 18092 | Lair:4   | Killed a dire elephant
 18362 | Lair:5   | Found a staircase to the Slime Pits.
 18363 | Lair:5   | Found a viscous altar of Jiyva.
 19309 | D:12     | Found a staircase to the Orcish Mines.
 19633 | D:12     | Reached skill level 1 in Shields
 20477 | D:13     | Upgraded the game from 0.19-a0-1007-g133f65f to 0.19-a0-1008-g4c63d25
 20701 | D:13     | Reached skill level 5 in Shields
 21165 | Lair:6   | Entered Level 6 of the Lair of Beasts
 21245 | Lair:6   | Found a dark tunnel.
 21248 | Volcano  | Entered a volcano
 21574 | Lair:6   | Reached XP level 15. HP: 81/120 MP: 7/21
 21736 | Lair:6   | Reached skill level 10 in Staves
 23323 | Lair:6   | Reached skill level 10 in Shields
 23761 | Lair:6   | Reached skill level 10 in Armour
 23888 | Spider:1 | Entered Level 1 of the Spider Nest
 24362 | Lair:4   | Reached XP level 16. HP: 116/129 MP: 7/22
 24675 | Spider:1 | Reached skill level 1 in Slings
 25136 | Spider:1 | Identified a scroll of acquirement
 25170 | Lair:4   | Got a brightly glowing jade ring
 25172 | Lair:4   | Identified the ring "Ripeuscho" {rF+ rC+ MP+9} (You acquired it on level 4 of the Lair of Beasts)
 26181 | Spider:1 | Reached skill level 5 in Slings
 26726 | Spider:2 | Got a transparent mace
 28628 | Spider:3 | Reached XP level 17. HP: 135/135 MP: 10/23
 29835 | Spider:2 | Reached skill level 15 in Shields
 30181 | Orc:1    | Entered Level 1 of the Orcish Mines
 30190 | Orc:1    | Noticed Snorg
 30214 | Orc:1    | Killed Snorg
 30394 | Orc:1    | Noticed Quilel's ghost (journeyman DEEn)
 30413 | Orc:1    | Killed Quilel's ghost
 30675 | Orc:2    | Entered Level 2 of the Orcish Mines
 30745 | Orc:2    | Found a staircase to the Elven Halls.
 30823 | Orc:2    | Noticed Sonja
 30831 | Orc:2    | Killed Sonja
 31613 | Orc:2    | Found Qotzixaunk's Weapon Shoppe.
 31613 | Orc:2    | Found Kunt's General Store.
 31615 | Orc:2    | Found Zipuset's Distillery.
 31617 | Orc:2    | Found Maturch's Antique Armour Emporium.
 31748 | Orc:2    | Reached skill level 13 in Fighting
 32348 | D:14     | Found a gate to the Vaults.
 32690 | D:14     | Reached skill level 10 in Invocations
 32934 | D:15     | Entered Level 15 of the Dungeon
 33086 | D:15     | Noticed Sharkman1231's ghost (journeyman DsBe)
 33105 | D:15     | Killed Sharkman1231's ghost
 33193 | D:15     | Noticed Roxanne
 33364 | D:15     | Killed Roxanne
 33511 | D:15     | Found a deep blue altar of Sif Muna.
 33657 | D:15     | Identified the +9 mace of Annoyance {crush, Int+2 Dex+3} (You found it on level 2 of the Spider Nest)
 33722 | D:15     | Reached XP level 18. HP: 144/144 MP: 11/25
 34235 | Shoals:1 | Entered Level 1 of the Shoals
 35047 | Shoals:2 | Noticed Polyphemus
 35386 | Shoals:2 | Killed Polyphemus
 35509 | Shoals:2 | Got a flickering marble ring
 35535 | Shoals:2 | Identified the ring "Tithuth" {rF+ rN+ MR+ EV+4} (You found it on level 2 of the Shoals)
 35617 | Shoals:2 | Got an ivory quarterstaff
 35656 | Shoals:2 | Reached skill level 10 in Evocations
 35832 | Shoals:3 | Found Ogisiphu's Food Shop.
 36147 | Shoals:3 | Identified the +5 quarterstaff of Might {crush, rPois rC- rN+ Dex+3} (You found it on level 2 of the Shoals)
 36158 | Shoals:3 | Reached skill level 14 in Fighting
 36767 | Shoals:3 | Noticed a kraken
 36801 | Shoals:3 | Killed a kraken
 37141 | Shoals:3 | Noticed Aizul
 37162 | Shoals:3 | Killed Aizul
 37232 | Shoals:4 | Entered Level 4 of the Shoals
 37505 | Shoals:4 | Got a barnacled rune of Zot
 37656 | Shoals:4 | Noticed Implojin's ghost (journeyman MiFi)
 37671 | Shoals:4 | Killed Implojin's ghost
 37680 | Shoals:4 | Noticed Ilsuiw
 37800 | Abyss:1  | Found a corrupted altar of Lugonu.
 37828 | Abyss:1  | Reached XP level 19. HP: 119/153 MP: 12/28
 37857 | Abyss:1  | Found a corrupted altar of Lugonu.
 37953 | Abyss:1  | Gained mutation: You are frail. (-10% HP) [a neqoxec]
 37957 | Shoals:4 | Escaped the Abyss
 38489 | Shoals:4 | Got a brightly glowing robe
 38618 | Shoals:4 | Killed Ilsuiw
 39489 | Lair:1   | Lost mutation: You are frail. (-10% HP) [potion of cure mutation]
 39489 | Lair:1   | Lost mutation: Your spells are a little harder to cast, but a little more powerful. [potion of cure mutation]
 39666 | Spider:4 | Entered Level 4 of the Spider Nest
 39795 | Spider:4 | Reached skill level 5 in Dodging
 40809 | Spider:4 | Reached skill level 15 in Fighting
 41296 | Spider:4 | Reached XP level 20. HP: 146/162 MP: 0/30
 41579 | Spider:4 | Got a gossamer rune of Zot
 42062 | Vaults:1 | Entered Level 1 of the Vaults
 43006 | Vaults:1 | Found Noyph's Weapon Shoppe.
 44681 | Vaults:2 | Found a staircase to the Crypt.
 44681 | Vaults:2 | Found a basalt altar of Yredelemnul.
 44682 | Vaults:2 | Found an ancient bone altar of Kikubaaqudgha.
 44792 | Vaults:2 | Reached XP level 21. HP: 170/170 MP: 13/31
 44981 | Vaults:2 | Reached skill level 16 in Fighting
 46336 | Vaults:3 | Reached skill level 15 in Invocations
 46614 | Vaults:3 | Reached skill level 15 in Armour
 48322 | Vaults:4 | Reached XP level 22. HP: 60/180 MP: 14/33
 48987 | Vaults:4 | Reached skill level 17 in Fighting
 49801 | Elf:1    | Entered Level 1 of the Elven Halls
 49968 | Elf:1    | Identified the Collected Works on Unholy Secrets
 50043 | Elf:1    | Noticed Donald
 50083 | Elf:1    | Killed Donald
 50197 | Elf:1    | Found Usmoumof's Weapon Boutique.
 50855 | Elf:2    | Reached skill level 10 in Dodging
 50983 | Elf:2    | Found a runed gate.
 50983 | Elf:2    | Found a runed gate.
 50983 | Elf:2    | Found a runed gate.
 51825 | Elf:3    | Entered Level 3 of the Elven Halls
 52046 | Elf:3    | Found Maw Emmo's Antique Weapon Boutique.
 52058 | Elf:3    | Bought an ichor-stained arbalest for 351 gold pieces
 52437 | Elf:3    | Reached XP level 23. HP: 190/190 MP: 14/34
 52949 | Elf:3    | Reached skill level 18 in Fighting
 53183 | Elf:3    | Got a jewelled great mace {drain}
 53183 | Elf:3    | Got a wavering bone amulet
 53255 | Elf:3    | Identified the +0 arbalest of Youthful Indiscretion {speed, +Inv rPois Str-3 Dex+4} (You bought it in a shop on level 3 of the Elven Halls)
 53256 | Elf:3    | Identified the cursed +1 great mace "Nelathabb" {drain, rPois rN+ Str+3} (You took it off a deep elf archer on level 3 of the Elven Halls)
 53257 | Elf:3    | Identified the amulet of Qegh {Gourm rElec MP+9 Int-5 Stlth+} (You took it off a deep elf archer on level 3 of the Elven Halls)
 53698 | Elf:3    | Got a heavily jewelled robe
 53699 | Elf:3    | Identified the +1 robe of the Imp {*Contam Int+5} (You found it on level 3 of the Elven Halls)
 53702 | Elf:3    | Identified the Incunabulum of the Eleven Curses (You found it on level 3 of the Elven Halls)
 53708 | Elf:3    | Identified Sif Muna's Catalogue of the Creative Compass (You found it on level 3 of the Elven Halls)
 53718 | Elf:3    | Identified the Incunabulum of the Floating Compass (You found it on level 3 of the Elven Halls)
 54381 | D:15     | Found a staircase to the Depths.
 54429 | Depths:1 | Entered Level 1 of the Depths
 55725 | Depths:1 | Found an iron altar of Okawaru.
 56037 | Depths:1 | Found a gateway to Hell.
 56383 | Depths:1 | Reached XP level 24. HP: 128/199 MP: 14/34
 56647 | Depths:1 | Found Vimirea's Quality Used Wands.
 57054 | Depths:2 | Noticed Margery
 57384 | Abyss:2  | Reached skill level 19 in Fighting
 57415 | Abyss:2  | Got a twisted chain mail
 57416 | Abyss:2  | Identified the cursed +0 chain mail of Mirth {Str+7} (You found it on level 2 of the Abyss)
 58190 | Depths:2 | Escaped the Abyss
 58202 | Depths:2 | Killed Margery
 58514 | Depths:2 | Got a transparent cloak
 58525 | Depths:2 | Identified the -4 cloak "Zoka" {rCorr Int+3 Dex+2} (You acquired it on level 2 of the Depths)
 58953 | Depths:2 | Found a one-way gate to the infinite horrors of the Abyss.
 59819 | Depths:3 | Reached XP level 25. HP: 158/210 MP: 14/34
 61153 | Depths:3 | Reached skill level 20 in Fighting
 61215 | Depths:3 | Found a one-way gate leading to the halls of Pandemonium.
 61217 | Depths:3 | Found a runed door.
 61219 | Depths:3 | Found a runed door.
 61483 | Depths:3 | Found a burning altar of Makhleb.
 61510 | Depths:3 | Got a slimy ivory ring
 61511 | Depths:3 | Identified the ring of Viacaets {+Blink rPois rC- Int+2 Dex+4} (You found it on level 3 of the Depths)
 61531 | Depths:3 | Got a pitted bronze ring
 62318 | Depths:4 | Found Racwiuvi's Weapon Shop.
 62332 | Depths:4 | Noticed Saint Roka
 62577 | Depths:4 | Found Zujiptile's Gadget Boutique.
 63093 | Depths:4 | Killed Saint Roka
 63997 | Depths:5 | Entered Level 5 of the Depths
 64002 | Depths:5 | Noticed Sojobo
 64006 | Depths:5 | Reached XP level 26. HP: 220/220 MP: 14/34
 64036 | Depths:5 | Killed Sojobo
 64279 | Depths:5 | Noticed Mennas
 64335 | Depths:5 | Killed Mennas
 64396 | Depths:5 | Reached skill level 21 in Fighting
 64682 | Depths:5 | Found a gateway to a ziggurat.
 64849 | Depths:5 | Found a gate to the Realm of Zot.
 65480 | Lair:1   | Identified the ring of Peace {+Fly Str+2 Dex+5} (You took it off a hell knight on level 3 of the Depths)
 65711 | Crypt:1  | Entered Level 1 of the Crypt
 65815 | Crypt:1  | Reached skill level 15 in Staves
 65971 | Crypt:1  | Identified the Disquisition on Mutagenic Protection
 65983 | Crypt:1  | Learned a level 2 spell: Swiftness
 67723 | Crypt:3  | Entered Level 3 of the Crypt
 68036 | Crypt:3  | Reached XP level 27. HP: 229/231 MP: 14/34
 68159 | Crypt:3  | Reached skill level 22 in Fighting
 68296 | Crypt:3  | Found a staircase to the Tomb.
 69210 | Crypt:3  | Found an ancient bone altar of Kikubaaqudgha.
 69660 | Crypt:3  | Noticed an ancient lich
 69671 | Crypt:3  | Killed an ancient lich
 69696 | Crypt:3  | Got a heavily runed ivory ring
 69696 | Crypt:3  | Got a shimmering bronze ring
 69699 | Crypt:3  | Identified the ring "Zegu" {rN+ Dex+2} (You found it on level 3 of the Crypt)
 69700 | Crypt:3  | Identified the ring of Equivalence {+Fly rN+ MR+ Dex+2} (You found it on level 3 of the Crypt)
 69713 | Crypt:3  | Got a faintly glowing tin ring
 69714 | Crypt:3  | Identified the ring of the Shining Light {Wiz *Drain MP+9 Str+8 Slay+5} (You found it on level 3 of the Crypt)
 70415 | Vaults:5 | Entered Level 5 of the Vaults
 70416 | Vaults:5 | Corrupted Vaults:5
 70801 | Vaults:4 | Reached skill level 23 in Fighting
 70919 | Vaults:5 | Noticed an ancient lich
 71189 | Vaults:4 | Killed an ancient lich
 71595 | Vaults:5 | Noticed Xtahua
 71736 | Vaults:4 | Killed Xtahua
 72182 | Vaults:5 | Got an encrusted arbalest
 72183 | Vaults:5 | Identified the cursed +1 arbalest "Conservator" {velocity, Int+2 Dex+5} (You took it off a vault warden on level 5 of the Vaults)
 72487 | Vaults:5 | Got a pair of jewelled gloves
 72488 | Vaults:5 | Identified the +1 pair of gloves of the Dice {rC+ Dex+5} (You found it on level 5 of the Vaults)
 72500 | Vaults:5 | Upgraded the game from 0.19-a0-1008-g4c63d25 to 0.19-a0-1015-ge643222
 72595 | Vaults:5 | Reached skill level 24 in Fighting
 72739 | Vaults:5 | Got a silver rune of Zot
 73336 | Vaults:5 | Got a pair of scorched gloves
 73337 | Vaults:5 | Identified the +0 pair of gloves of Bigop {Dex+5} (You found it on level 5 of the Vaults)
 73376 | Vaults:5 | Learned a level 2 spell: Passwall
 73742 | Abyss:1  | Got a brightly glowing plate armour
 74231 | Abyss:1  | Found a corrupted altar of Lugonu.
 74275 | Abyss:3  | Found a corrupted altar of Lugonu.
 74372 | Abyss:3  | Got an abyssal rune of Zot
 74555 | Abyss:5  | Entered Level 5 of the Abyss
 74555 | Abyss:5  | Found a corrupted altar of Lugonu.
 74804 | Abyss:5  | Reached skill level 15 in Stealth
 74875 | Vaults:5 | Escaped the Abyss
 75166 | Lair:1   | Identified the +10 plate armour "Wyl Xubu" {Dex+2} (You found it on level 1 of the Abyss)
 75485 | Depths:3 | Reached skill level 1 in Spellcasting
 75561 | Depths:4 | Bought a +5 rod of ignition (13/13) for 1987 gold pieces
 75561 | Depths:4 | Bought a sack of spiders for 360 gold pieces
 75561 | Depths:4 | Bought a box of beasts for 360 gold pieces
 76129 | D:15     | Learned a level 6 spell: Statue Form
 76303 | Zot:1    | Entered Level 1 of the Realm of Zot
 76342 | Zot:1    | Reached skill level 1 in Earth Magic
 76349 | Zot:1    | Reached skill level 1 in Transmutations
 77179 | Zot:1    | Got a scorched quarterstaff
 77182 | Zot:1    | Identified the +2 quarterstaff of Guduats {venom, +Rage Str+2 Dex+2} (You found it on level 1 of the Realm of Zot)
 77224 | Zot:1    | Reached skill level 5 in Spellcasting
 77270 | Zot:1    | Reached skill level 5 in Earth Magic
 77450 | Zot:1    | Noticed an orb of fire
 77463 | Zot:1    | Gained mutation: Armour fits poorly on your strangely shaped body. [an orb of fire]
 77479 | Zot:1    | Killed an orb of fire
 77479 | Zot:1    | Reached skill level 5 in Transmutations
 78156 | Zot:2    | Corrupted Zot:2
 78902 | Zot:2    | Reached skill level 5 in Charms
 80691 | Zot:3    | Learned a level 1 spell: Apportation
 81240 | Zot:3    | Lost mutation: Armour fits poorly on your strangely shaped body. [potion of cure mutation]
 81869 | Zot:4    | Reached skill level 10 in Earth Magic
 82564 | Hell     | Entered the Vestibule of Hell
 82564 | Hell     | Noticed Geryon
 82581 | Hell     | Cast into level 4 of the Abyss (reaper)
 82582 | Abyss:4  | Found a corrupted altar of Lugonu.
 82624 | Abyss:4  | Reached skill level 10 in Transmutations
 82633 | Abyss:4  | Found a corrupted altar of Lugonu.
 82797 | Abyss:4  | Found a corrupted altar of Lugonu.
 82843 | Hell     | Escaped the Abyss
 83039 | Hell     | Noticed Murray
 83177 | Abyss:1  | Got a twisted ring mail
 83178 | Abyss:1  | Identified the +4 ring mail of the Last Seas {Dex+4 Stlth+} (You found it on level 1 of the Abyss)
 83230 | Hell     | Escaped the Abyss
 83524 | Depths:5 | Killed Murray
 83786 | Depths:5 | Noticed a juggernaut
 83802 | Depths:5 | Killed a juggernaut
 84399 | Lair:1   | Learned a level 9 spell: Shatter
 84683 | Vaults:5 | Learned a level 6 spell: Deflect Missiles
 84689 | Vaults:5 | Learned a level 5 spell: Silence
 85605 | Depths:1 | Reached skill level 10 in Charms
 85655 | Hell     | Killed Geryon
 85897 | Hell     | Found a gateway to the decaying netherworld of Tartarus.
 85995 | Hell     | Found a gateway to the Iron City of Dis.
 86009 | Hell     | Reached skill level 5 in Air Magic
 86058 | Hell     | Found a gateway to the freezing wastes of Cocytus.
 86323 | Hell     | Found a gateway to the ashen valley of Gehenna.
 86375 | Hell     | Upgraded the game from 0.19-a0-1015-ge643222 to 0.19-a0-1019-g9c6a58d
 86581 | Pan      | Entered Pandemonium
 86775 | Pan      | Found an exit through the horrors of the Abyss.
 87271 | Pan      | Noticed Xoibraex the pandemonium lord
 87290 | Pan      | Killed Xoibraex the pandemonium lord
 87406 | Pan      | Got a warped large shield
 87407 | Pan      | Identified the +3 large shield "Dioth" {rCorr} (You took it off a daeva in Pandemonium)
 87713 | Pan      | Escaped the Abyss
 87716 | Pan      | Slain by a reaper

Vault maps used:
D:1:      wheals_arrival_shading, corexii_leaking_fountain
D:2:      ecumenical_altar_2
D:3:      first_bread, uniq_purgy
D:4:      marbit_many_paths, tso_metal_star
D:5:      serial_shops, nicolae_shop_trees, hangedman_glass_teeth, uniq_grinder,
          uniq_blork_the_orc
D:6:      nicolae_overflow_hidden_temple
D:7:      lemuel_mausoleum_altar_yredelemnul, dancing_weapons_uskayaw,
          nicolae_ru_awakened_eye, uniq_pikel
D:8:      due_megacathedral, overflow_temple_1_default, bloody_makhleb,
          nicolae_overflow_crystal_walls
D:9:      kennysheep_mini, serial_shops, shop, grunt_decor_fettered,
          david_nohive_1, minmay_unpleasant_kobolds
D:10:     grunt_pakellas_salt
D:11:     lair_0_dummy
D:12:     kennysheep_orc_monster_closet_entryway
D:14:     david_vaults_5
D:15:     gammafunk_enter_depths_forms, basic_altar, uniq_roxanne
Temple:   nicolae_temple_hex_pool
Lair:1:   lemuel_fruit_tree
Lair:2:   grunt_megastairs_2
Lair:3:   uniq_harold, uniq_fannar
Lair:4:   beast_lair_carwin_large_2, minmay_shoals_entry_centaurs,
          spider_nest_entry_web_field
Lair:5:   slime_altar_1
Lair:6:   hangedman_lair_caniforms_friends, hangedman_lair_tendril_chambers,
          enter_volcano_1
Shoals:2: uniq_polyphemus
Shoals:3: serial_shops, nicolae_shop_waterfront, uniq_aizul
Shoals:4: shoals_end_simple, shoals_ilsuiw_alternative
Spider:3: nicolae_spider_webs_and_nodes
Spider:4: floodkiller_spider_rune_tomb, minivault_29
Orc:1:    uniq_snorg
Orc:2:    st_orc_rangers, uniq_sonja
Elf:1:    elf_arrival_002, serial_shops, nicolae_shop_crystal,
          minmay_elf_necromancy, uniq_donald
Elf:2:    spider_trap, minivault_25, grunt_megastairs_1, basic_stair_grate_trap
Elf:3:    minmay_elf_hall_curves, serial_shops, nicolae_shop_window_shopping
Vaults:1: serial_ice_g, hangedman_vaults_snaps, ontoclasm_vaults_hangar,
          v_misc_9, nicolae_vaults_network_barrier, vaults_room_hallway,
          ontoclasm_vaults_shuriken, vaults_room_hallway, v_misc_10,
          ontoclasm_vaults_twist, hangedman_vaults_unwind,
          vaults_room_door_hall, nicolae_vaults_ring_of_whatevers,
          nicolae_vaults_circle_grid_a, serial_shops, nicolae_shop_stone
Vaults:2: vaults_standard_mumra_lines, v_alt_pattern_6, v_rooms_1,
          minmay_crypt_entry_necro_gods, nicolae_vaults_asterisk,
          nicolae_vaults_network_quinsquares, v_misc_15, v_misc_1, v_misc_12,
          vaults_room_grid
Vaults:3: v_alt_pattern_3, hangedman_vaults_cutoff, ontoclasm_vaults_tryst,
          grunt_vaults_twisty, v_misc_19, v_misc_26,
          nicolae_vaults_puzzle_piece, vaults_dpeg_ring,
          nicolae_vaults_little_squares_2, vaults_room_door_ring,
          vaults_room_pools, vaults_room_pools, vaults_room_corners, v_pattern_2
Vaults:4: v_rooms_6, st_spiral_rooms, v_rooms_5, hangedman_vaults_trim,
          ontoclasm_vaults_bender, grunt_vaults_funnel, v_misc_26,
          ontoclasm_vaults_eye, vaults_room_pool, nicolae_vaults_specimen_jars,
          nicolae_vaults_rhombus_6
Vaults:5: uniq_xtahua
Crypt:1:  lemuel_freeze_loot_1, grunt_crypt_arrival_split
Crypt:2:  lemuel_elevator
Crypt:3:  evilmike_haunted_forest
Depths:1: lemuel_crystal_altar, hell_entry, grunt_ministairs_1,
          serial_bayou_pond_d, columned_hall_lemuel, nicolae_for_you_no_charge
Depths:2: evilmike_horseshoe, grunt_metal_band, abyss_entry,
          serial_bayou_shore_b, kennysheep_decorative_pillar
Depths:3: evilmike_makhleb_hellhole, pan_entry, kennysheep_small_spiral,
          pf_dread_powers_of_hell, kennysheep_another_room,
          serial_bayou_shore_a, infiniplex_staircase_pillars_2
Depths:4: minmay_mutant_horseshoe, serial_shops, shop, shop, abyss_entry,
          hell_entry, hangedman_abyss_or_decor_clamps,
          infiniplex_staircase_hallway_doors, basic_stair_grate_trap,
          uniq_saint_roka
Depths:5: grunt_zot_entry_tricorne, enter_ziggurat_a, hell_entry, uniq_sojobo,
          uniq_mennas
Zot:2:    st_single_dragon_hoard_3, hangedman_hellfire_club
Zot:4:    grunt_megastairs_5
Abyss:1:  hangedman_abyss_or_decor_lesser_grid
Abyss:2:  minivault_24, minivault_11, hangedman_abyss_batty_box
Abyss:3:  evilmike_abyss_rune_siren_acolytes, bh_abyss_exit_grid,
          evilmike_abyss_exit_smiterflies
Abyss:4:  evilmike_abyss_exit_10, hangedman_summoners_spam
Abyss:5:  evilmike_abyss_exit_9, minivault_28, guppyfry_abyss_exit_imp_island,
          minivault_20
Pan:      grunt_pan_zigzag, grunt_pan_in_and_out, nicolae_pan_gloorx_vloqian_4,
          nicolae_pan_strange_glyphs, evilmike_mini_pan_corner,
          grunt_pan_in_and_out
Volcano:  volcano_pools

Skill      XL: |  1  2  3  4  5  6  7  8  9 10 11 12 13 14 15 16 17 18 19 20 21 22 23 24 25 26 27 |
---------------+----------------------------------------------------------------------------------+-----
Maces & Flails | 3 4 5 6 7 11 12 | 12.1
Invocations    | 3 5 7 8 10 12 13 14 15 | 15.7
Armour         | 3 4 5 7 9 10 11 12 13 14 15 16 17 18 19 20 | 20.4
Poison Magic   | 1 3 |  3.0
Fighting       | 10 11 12 13 14 15 16 17 18 19 20 21 24 | 24.0
Stealth        | 1 4 7 9 11 12 15 | 15.1
Dodging        | 2 3 5 7 8 10 12 13 14 | 14.8
Staves         | 4 6 9 11 12 14 15 18 | 18.7
Evocations     | 3 6 8 9 10 11 13 14 | 14.0
Charms         | 1 11 | 11.6
Air Magic      | 1 6 |  6.8
Necromancy     | 1 |  1.0
Shields        | 6 10 13 15 16 | 16.7
Slings         | 7 |  7.0
Spellcasting   | 9 |  9.4
Earth Magic    | 13 | 13.9
Transmutations | 11 | 11.4

Action                   |  1- 3 |  4- 6 |  7- 9 | 10-12 | 13-15 | 16-18 | 19-21 | 22-24 | 25-27 || total
-------------------------+-------+-------+-------+-------+-------+-------+-------+-------+-------++-------
Melee: Mace              |    92 |   179 |    84 |       |       |       |       |       |       ||   355
       Flail             |       |       |   185 |       |       |       |       |       |       ||   185
       Whip              |       |       |       |   246 |       |       |       |       |       ||   246
       Lajatang          |       |       |       |   572 |  1358 |  1777 |  2088 |  1991 |  4897 || 12683
       Greatsling        |       |       |       |       |       |       |       |     2 |       ||     2
       Quarterstaff      |       |       |       |       |       |       |       |       |    87 ||    87
 Fire: Hunting sling     |       |       |    10 |     5 |       |       |       |       |       ||    15
       Greatsling        |       |       |       |       |       |   189 |    63 |    11 |    49 ||   312
Throw: Stone             |     3 |     3 |     2 |     2 |       |       |       |       |       ||    10
       Javelin           |       |       |       |     8 |     6 |     2 |       |       |       ||    16
       Throwing net      |       |       |       |       |       |       |       |     1 |       ||     1
 Cast: Sting             |       |       |     7 |     2 |       |       |       |       |       ||     9
       Swiftness         |       |       |       |       |       |       |       |       |     1 ||     1
       Statue Form       |       |       |       |       |       |       |       |       |     2 ||     2
Invok: Banish            |       |       |       |     2 |     1 |     5 |     9 |     2 |     1 ||    20
       Bend Space        |       |       |       |       |     3 |     1 |     2 |     1 |     6 ||    13
       Enter the Abyss   |       |       |       |       |       |     1 |       |     1 |     3 ||     5
       Depart the Abyss  |       |       |       |       |       |       |     1 |       |       ||     1
       Corrupt           |       |       |       |       |       |       |       |       |     2 ||     2
 Abil: Dig               |       |       |     6 |     1 |    11 |    29 |     1 |    19 |    31 ||    98
       Shaft Self        |       |       |       |       |     1 |       |       |       |       ||     1
Evoke: Phial of floods   |       |       |       |     1 |     1 |       |     1 |     3 |     1 ||     7
       Wand              |       |       |       |     6 |     5 |    13 |     5 |     8 |     6 ||    43
       Rod               |       |       |       |       |     7 |    10 |     6 |     8 |     6 ||    37
       Sack of spiders   |       |       |       |       |       |     3 |       |       |     3 ||     6
       Lamp of fire      |       |       |       |       |       |     2 |     2 |     4 |     3 ||    11
       Fan of gales      |       |       |       |       |       |     1 |       |     2 |     5 ||     8
       Box of beasts     |       |       |       |       |       |       |       |     1 |     3 ||     4
       Phantom mirror    |       |       |       |       |       |       |       |     1 |       ||     1
  Use: Potion            |       |     6 |     3 |     3 |     4 |     7 |    11 |     9 |    15 ||    58
       Scroll            |       |       |    13 |    17 |    10 |    14 |     2 |    10 |    26 ||    92
 Stab: Sleeping          |       |       |       |     8 |    28 |    18 |    21 |    13 |    20 ||   108
       Distracted        |       |       |       |       |     1 |     2 |     3 |     5 |    13 ||    24
       Paralysed         |       |       |       |       |       |     1 |       |       |     2 ||     3
       Confused          |       |       |       |       |       |     2 |     4 |     1 |     1 ||     8
       Invisible         |       |       |       |       |       |       |     7 |       |       ||     7
       Held in net/web   |       |       |       |       |       |       |     2 |       |     3 ||     5
  Eat: Chunk             |     2 |     9 |     8 |    24 |    26 |    34 |    30 |    20 |    33 ||   186
       Fruit             |       |     2 |     1 |       |       |       |       |       |     1 ||     4
       Meat ration       |       |       |     1 |     1 |       |       |     1 |     3 |    11 ||    17
       Beef jerky        |       |       |     1 |       |     1 |     1 |     1 |     2 |     6 ||    12
       Pizza             |       |       |       |     2 |     2 |     2 |     1 |     4 |     1 ||    12
       Royal jelly       |       |       |       |       |     1 |     9 |     2 |     2 |     8 ||    22
       Bread ration      |       |       |       |       |       |       |       |       |     3 ||     3
Armor: Ring mail         |    23 |       |       |       |       |       |       |       |       ||    23
       Plate armour      |     7 |   129 |       |       |       |       |       |       |   209 ||   345
       Swamp dragon armo |       |     8 |   103 |   354 |   650 |   637 |   453 |   379 |  1023 ||  3607
       Skin              |       |       |       |       |       |       |       |       |    78 ||    78
Dodge: Dodged            |    49 |    67 |   133 |   371 |   654 |   568 |   834 |   786 |  2962 ||  6424
Block: Shield            |       |       |       |       |   529 |   424 |       |       |       ||   953
       Large shield      |       |       |       |       |       |  1048 |  1982 |  1538 |  5291 ||  9859
